 Dungeon Crawl Stone Soup version 0.23.2-40-g277498a001 (webtiles) character file.

Game seed: 10701651232706254719

1763013 jf82 the Hoplite (level 27, 182/182 HPs)
             Began as a Minotaur Fighter on Aug 14, 2019.
             Was the Champion of Okawaru.
             Escaped with the Orb
             ... and 3 runes on Aug 18, 2019!
             The game lasted 08:01:58 (66373 turns).

jf82 the Hoplite (Minotaur Fighter)                Turns: 66373, Time: 08:01:59

Health: 182/182    AC: 41    Str: 38 (39) XL:     27
Magic:  26/26      EV: 22    Int:  7      God:    Okawaru [******]
Gold:   7059       SH: 36    Dex: 18 (19) Spells: 26/26 levels left

rFire    + + .     SeeInvis .   a - +6 eveningstar of Okaramm {drain, Str+2}
rCold    + . .     Gourm    .   p - +7 large shield of Noughts and Crosses {Regen+}
rNeg     + + +     Faith    .   Z - +10 gold dragon scales of Inetza {+Blink rPois rF+ rC+ rN+ Regen+ Dex+3}
rPois    +         Spirit   +   s - +2 hat "Cucialup" {MR+ Regen+}
rElec    +         Reflect  .   u - +2 cloak of Dogmatism {Dex+4}
rCorr    .         Harm     .   h - +2 pair of gloves {Dex+3}
MR       +++..     Rnd*Rage +   n - +0 pair of boots "Feleilul" {+Fly rPois} Stlth ..........Rnd*Tele +
                                i - amulet of guardian spirit
HPRegen  1.60/turn              t - ring of Hesu {rElec rPois rF- rN++ Int-5 Slay+5}
MPRegen  0.20/turn              y - ring "Pidairit" {rF++ Str+10 Int+5}

@: no status effects
A: retaliatory headbutt, horns 2, berserk 1, clumsy 1, deformed body,
deterioration 2, frail 3, low mp 1, screaming 1, teleportitis 1, weak 2, subdued
magic 1
0: Orb of Zot
}: 3/15 runes: decaying, silver, gossamer
a: Heroism, Finesse, Renounce Religion, Evoke Blink, Evoke Flight


You escaped.
You worshipped Okawaru.
Okawaru was exalted by your worship.
You were not hungry.

You visited 11 branches of the dungeon, and saw 51 of its levels.
You visited the Abyss 5 times.
You visited 2 bazaars.
You also visited: Sewer, Gauntlet and Ice Cave.

You collected 9315 gold pieces.
You spent 2256 gold pieces at shops.

Inventory:

Hand Weapons
 a - the +6 eveningstar of Okaramm (weapon) {drain, Str+2}
   (Okawaru gifted it to you on level 4 of the Realm of Zot)

   A truly terrible weapon, it drains the life of those it strikes.
   It affects your strength (+2).
 b - a +8 hand crossbow of flaming
 x - the +10 morningstar "Eos" {elec, Halo rElec}
   (You took it off a deep elf mage on level 5 of the Vaults)

   Occasionally, upon striking a foe, it will discharge some electrical energy
   and cause terrible harm.
   It insulates you from electricity.
Missiles
 c - 22 javelins of penetration (quivered)
 d - 1505 bolts
Armour
 h - a +2 pair of gloves of dexterity (worn)
 n - the +0 pair of boots "Feleilul" (worn) {+Fly rPois}
   (You found it on level 1 of the Elven Halls)

   It protects you from poison.
   It lets you fly.
 p - the +7 large shield of Noughts and Crosses (worn) {Regen+}
   (You acquired it on level 4 of the Depths)

   It increases your rate of regeneration.
 s - the +2 hat "Cucialup" (worn) {MR+ Regen+}
   (Okawaru gifted it to you on level 2 of the Realm of Zot)

   It affects your resistance to hostile enchantments.
   It increases your rate of regeneration.
 u - the +2 cloak of Dogmatism (worn) {Dex+4}
   (You found it in a Gauntlet)

   It affects your dexterity (+4).
 Z - the +10 gold dragon scales of Inetza (worn) {+Blink rPois rF+ rC+ rN+ Regen+ Dex+3}
   (Okawaru gifted it to you on level 4 of the Vaults)

   It affects your dexterity (+3).
   It protects you from fire.
   It protects you from cold.
   It protects you from poison.
   It protects you from negative energy.
   It lets you blink.
   It increases your rate of regeneration.
Jewellery
 i - an amulet of guardian spirit (around neck)
 m - an uncursed ring of positive energy
 t - the ring of Hesu (left hand) {rElec rPois rF- rN++ Int-5 Slay+5}
   (You acquired it on level 5 of the Vaults)

   [ring of slaying]

   It affects your intelligence (-5).
   It affects your accuracy and damage with ranged weapons and melee attacks
   (+5).
   It makes you vulnerable to fire.
   It insulates you from electricity.
   It protects you from poison.
   It greatly protects you from negative energy.
 y - the ring "Pidairit" (right hand) {rF++ Str+10 Int+5}
   (You acquired it on level 5 of the Vaults)

   [ring of intelligence]

   It affects your strength (+10).
   It affects your intelligence (+5).
   It greatly protects you from fire.
Wands
 g - a wand of digging (6)
 q - a wand of disintegration (46)
 B - a wand of iceblast (94)
 C - a wand of flame (82)
 G - a wand of enslavement (44)
 H - a wand of random effects (52)
 N - a wand of paralysis (64)
 R - a wand of polymorph (26)
Scrolls
 j - 28 scrolls of identify
 l - a scroll of fear
 o - a scroll of enchant armour
 E - 10 scrolls of blinking
 K - 20 scrolls of teleportation
 P - 5 scrolls of summoning
 Q - 2 scrolls of remove curse
Potions
 e - 10 potions of haste
 r - 11 potions of cancellation
 v - 7 potions of might
 A - 26 potions of curing
 D - 7 potions of heal wounds
 X - 2 potions of resistance
Miscellaneous
 k - 2 boxes of beasts
 w - a lightning rod (4/4)
 O - a fan of gales
 S - a lightning rod (4/4)
 Y - 2 phantom mirrors
Comestibles
 f - 88 rations


   Skills:
 + Level 24.3 Fighting
 - Level 20.0 Maces & Flails
 - Level 20.0 Crossbows
 - Level 4.0 Throwing
 + Level 24.3 Armour
 - Level 20.0 Dodging
 - Level 12.0 Stealth
 - Level 25.0 Shields
 - Level 10.0 Invocations
 - Level 6.0 Evocations


You had 26 spell levels left.
You didn't know any spells.
Your spell library contained the following spells:

 Spells                   Type           Power        Failure   Level  Hunger
 Animate Skeleton         Necr           N/A          89%         1    ##.....
 Apportation              Tloc           #.....       89%         1    ##.....
 Beastly Appendage        Tmut           #.....       89%         1    ##.....
 Corona                   Hex            #......      89%         1    ##.....
 Flame Tongue             Conj/Fire      #....        89%         1    ##.....
 Freeze                   Ice            #...         89%         1    ##.....
 Infusion                 Chrm           #...         89%         1    ##.....
 Magic Dart               Conj           #...         89%         1    ##.....
 Pain                     Necr           #...         89%         1    ##.....
 Sandblast                Erth           #.....       89%         1    ##.....
 Sting                    Conj/Pois      #...         89%         1    ##.....
 Summon Butterflies       Summ           #.......     89%         1    ##.....
 Summon Small Mammal      Summ           #...         89%         1    ##.....
 Blink                    Tloc           N/A          96%         2    ###....
 Call Imp                 Summ           #.......     96%         2    ###....
 Ensorcelled Hibernation  Hex/Ice        #.....       96%         2    ###....
 Passwall                 Tmut/Erth      #.......     96%         2    ###....
 Poisonous Vapours        Pois/Air       #.....       96%         2    ###....
 Searing Ray              Conj           #.....       96%         2    ###....
 Shroud of Golubria       Chrm/Tloc      #.........   96%         2    ###....
 Slow                     Hex            #.......     96%         2    ###....
 Song of Slaying          Chrm           #.......     96%         2    ###....
 Sticks to Snakes         Tmut           #.......     96%         2    ###....
 Swiftness                Chrm/Air       #.......     96%         2    ###....
 Throw Flame              Conj/Fire      #.....       96%         2    ###....
 Throw Frost              Conj/Ice       #.....       96%         2    ###....
 Call Canine Familiar     Summ           #.......     99%         3    ####...
 Confuse                  Hex            #.......     99%         3    ####...
 Conjure Flame            Conj/Fire      #.......     99%         3    ####...
 Dazzling Spray           Conj/Hex       #.....       99%         3    ####...
 Gell's Gravitas          Tloc           #.........   99%         3    ####...
 Inner Flame              Hex/Fire       #.......     99%         3    ####...
 Lesser Beckoning         Tloc           #.........   99%         3    ####...
 Mephitic Cloud           Conj/Pois/Air  #.......     99%         3    ####...
 Ozocubu's Armour         Chrm/Ice       #.......     99%         3    ####...
 Portal Projectile        Hex/Tloc       #.....       99%         3    ####...
 Regeneration             Chrm/Necr      #.........   99%         3    ####...
 Spectral Weapon          Hex/Chrm       #.......     99%         3    ####...
 Spider Form              Tmut/Pois      #.........   99%         3    ####...
 Static Discharge         Conj/Air       #.......     99%         3    ####...
 Stone Arrow              Conj/Erth      #.....       99%         3    ####...
 Summon Guardian Golem    Hex/Summ       #.......     99%         3    ####...
 Teleport Other           Tloc           #.......     99%         3    ####...
 Tukima's Dance           Hex            #.......     99%         3    ####...
 Vampiric Draining        Necr           #.........   99%         3    ####...
 Animate Dead             Necr           N/A          100%        4    #####..
 Cause Fear               Hex            #.........   100%        4    #####..
 Force Lance              Conj/Tloc      #.......     100%        4    #####..
 Fulminant Prism          Conj/Hex       #.........   100%        4    #####..
 Ice Form                 Ice/Tmut       #.......     100%        4    #####..
 Iskenderun's Mystic Bla  Conj           #.......     100%        4    #####..
 Leda's Liquefaction      Hex/Erth       #.........   100%        4    #####..
 Olgreb's Toxic Radiance  Pois           #.......     100%        4    #####..
 Petrify                  Tmut/Erth      #.......     100%        4    #####..
 Sticky Flame             Conj/Fire      #.......     100%        4    #####..
 Summon Ice Beast         Ice/Summ       #.......     100%        4    #####..
 Summon Lightning Spire   Summ/Air       #.......     100%        4    #####..
 Throw Icicle             Conj/Ice       #.......     100%        4    #####..
 Alistair's Intoxication  Tmut/Pois      #.......     100%        5    ######.
 Blade Hands              Tmut           #.........   100%        5    ######.
 Bolt of Magma            Conj/Fire/Erth #.........   100%        5    ######.
 Borgnjor's Vile Clutch   Necr/Erth      #.........   100%        5    ######.
 Excruciating Wounds      Chrm/Necr      #.........   100%        5    ######.
 Irradiate                Conj/Tmut      #.........   100%        5    ######.
 Lee's Rapid Deconstruct  Erth           #.........   100%        5    ######.
 Lightning Bolt           Conj/Air       #.........   100%        5    ######.
 Silence                  Hex/Air        #.........   100%        5    ######.
 Summon Forest            Summ/Tloc      #.........   100%        5    ######.
 Summon Mana Viper        Hex/Summ       #.......     100%        5    ######.
 Venom Bolt               Conj/Pois      #.........   100%        5    ######.
 Yara's Violent Unravell  Hex/Tmut       #.........   100%        5    ######.
 Bolt of Fire             Conj/Fire      #.........   100%        6    #######
 Darkness                 Hex            #.........   100%        6    #######
 Deflect Missiles         Chrm/Air       #.........   100%        6    #######
 Freezing Cloud           Conj/Ice/Air   #.........   100%        6    #######
 Hydra Form               Tmut           #.........   100%        6    #######
 Invisibility             Hex            #.......     100%        6    #######
 Iron Shot                Conj/Erth      #.........   100%        6    #######
 Shadow Creatures         Summ           N/A          100%        6    #######
 Statue Form              Tmut/Erth      #........    100%        6    #######
 Dragon Form              Tmut           #.........   100%        7    #######
 Malign Gateway           Summ/Tloc      #.........   100%        7    #######
 Summon Hydra             Summ           #.........   100%        7    #######
 Discord                  Hex            #.........   100%        8    #######
 Ignition                 Fire           #.........   100%        8    #######
 Dragon's Call            Summ           #.........   100%        9    #######
 Shatter                  Erth           #.........   100%        9    #######
 Tornado                  Air            #.........   100%        9    #######
 Passage of Golubria      Tloc           Unusable     N/A         4    N/A

Dungeon Overview and Level Annotations

Branches:
Dungeon (15/15)            Temple (1/1) D:4            Lair (6/6) D:8
  Swamp (4/4) Lair:3       Spider (4/4) Lair:4        Slime (1/5) Lair:6
    Orc (2/2) D:11            Elf (3/3) Orc:2        Vaults (5/5) D:14
  Crypt (0/3) Vaults:3     Depths (5/5) D:15            Zot (5/5) Depths:5

Altars:
Ashenzari
Cheibriados
Dithmenos
Elyvilon
Fedhas
Gozag
Hepliaklqana
Kikubaaqudgha
Makhleb
Nemelex Xobeh
Okawaru
Qazlal
Ru
Sif Muna
Trog
Uskayaw
Vehumet
Wu Jian
Xom
Yredelemnul
Zin
The Shining One
Jiyva

Shops:
D:4 *   D:5 =   Orc:2 %==*   Vaults:1 (   Vaults:3 *   Vaults:4 !:(

Portals:
Hell: Depths:1 Depths:2 Depths:3 Depths:4 Depths:5
Pandemonium: Depths:2 Depths:3
Ziggurat: Depths:4
Trove: D:12 (give 8 potions of haste)


Innate Abilities, Weirdness & Mutations

You reflexively headbutt those who attack you in melee.
You have a pair of horns on your head.
You tend to lose your temper in combat.
You are clumsy. (Dex -2)
Armour fits poorly on your strangely shaped body.
Your body often deteriorates upon taking damage.
You are extremely frail. (-30% HP)
Your magical capacity is low. (-10% MP)
You occasionally shout uncontrollably at your foes.
You are occasionally teleported next to monsters.
You are very weak. (Str -4)
Your spells are a little easier to cast, but a little less powerful.


Message History

You hit the sixfirhy. Your headbutt misses the sixfirhy.
The sixfirhy is severely wounded.
You crush the sixfirhy like a grape!!!
You kill the sixfirhy!
Okawaru accepts your kill.
You see here a hobgoblin skeleton.
There is an open door here.
There is an open door here.
There is a stone staircase leading up here.
There is an open door here.
You see here a +0 club.
You open the door.
There is an open door here.
There is a stone staircase leading up here.
You climb upwards.
There is a stone staircase leading down here.
You see here a ring mail.
An orange demon comes into view.
There is a staircase leading out of the dungeon here.
You have escaped!

.##..# ####.## ##.#### .....####
##..(###...##
##......###.....'.....###########
...>......##...###...###....##...
......#.#####.#####(## ####.##...
##....#.# ##'##.##'#######.##.##
#.####.# ##.##...##.##..........
#.####.# #.##.....##.#.###.##.##
##......####'...@...'######.##...
....#####..###.....###......##...
.##.# #...###...##..###########
..#.# #...# ##.###.## ..#.##
#...# #.# #.# ####### .....#
#...# ##.# #.# #......
..#..####...###..###.# #......
..................##.# ##......
..................##.# #.......


There were no monsters in sight!

Vanquished Creatures
  3 orbs of fire (Zot:5)
  10 ancient liches
  4 juggernauts
  Bai Suzhen (Spider:3)
  the Lernaean hydra (Swamp:4)
  Xtahua (Vaults:3)
  3 curse toes
  4 caustic shrikes
  4 Killer Klowns
  12 golden dragons
  A bone dragon (Abyss:1)
  Arachne (Spider:4)
  3 electric golems
  Rupert (Lair:5)
  21 tentacled monstrosities
  9 liches
  Asterion (Elf:3)
  5 titans
  29 Orb Guardians
  2 deep elf master archers (Elf:3)
  2 pandemonium lords (Zot:4)
  The ghost of EtherCrawl the Severer, an adept DrBe of Trog (Swamp:4)
  4 acid blobs
  A deep elf blademaster (Elf:2)
  An Executioner (D:12)
  3 sphinxes
  3 death cobs
  A kraken (Abyss:4)
  7 quicksilver dragons
  6 tengu reavers
  5 tentacled starspawn
  12 shadow dragons
  18 storm dragons
  6 thorn hunters
  A revenant (Abyss:4)
  9 fire giants
  An azure jelly (Lair:6)
  9 frost giants
  3 draconian monks
  6 draconian scorchers
  6 cacodemons
  4 ghost moths
  8 deep elf elementalists
  4 emperor scorpions
  10 vault wardens
  8 deep elf sorcerers
  5 draconian shifters
  3 iron dragons (Vaults:5)
  Louise (Swamp:4)
  16 ironheart preservers
  35 very ugly things
  A spriggan defender (Depths:4)
  A reaper (Abyss:2)
  2 entropy weavers
  3 draconian stormcallers
  4 deep elf demonologists
  2 war gargoyles
  18 stone giants
  7 black draconians
  4 vampire knights
  6 green draconians
  14 deep elf annihilators
  5 yellow draconians
  A lorocyproca (Abyss:2)
  5 red draconians
  6 white draconians
  9 spark wasps
  4 purple draconians
  An eidolon (Abyss:1)
  A minotaur (Gauntlet)
  A blizzard demon (Abyss:2)
  The ghost of Nott the Severer, a journeyman HOBe of Trog (Elf:1)
  10 deep elf death magi
  13 ettins
  14 fire dragons
  19 yaktaur captains
  6 crystal guardians
  A great orb of eyes (shapeshifter) (Vaults:4)
  5 deep elf high priests
  Fannar (D:10)
  9 ogre magi
  9 great orbs of eyes
  28 vault guards
  4 rakshasas
  19 hydras
  A hell beast (Depths:2)
  2 shambling mangroves
  2 spriggan air magi
  Erolcha (Orc:1)
  8 ice dragons
  2 two-headed ogres (shapeshifter)
  11 centaur warriors
  A ghost crab (Swamp:2)
  18 dancing weapons
  21 alligators
  22 two-headed ogres
  10 deep troll shamans
  4 death yaks (Lair:5)
  8 death scarabs (Spider:4)
  7 deep troll earth magi
  6 spriggan berserkers
  An orc high priest (Orc:2)
  3 tengu warriors
  3 thrashing horrors (Abyss:2)
  A vampire mage (Vaults:3)
  2 soul eaters
  15 deep elf knights
  12 hell knights
  5 wretched stars
  A sun demon (Depths:3)
  A fire crab (Gauntlet)
  A salamander mystic (Depths:2)
  2 spatial maelstroms (Abyss:4)
  4 iron trolls (Depths:2)
  2 sixfirhies
  A glowing orange brain (shapeshifter) (Vaults:2)
  4 flayed ghosts
  5 skeletal warriors (Vaults:1)
  3 wizards
  A swamp dragon (shapeshifter) (Depths:5)
  33 deep trolls
  6 unseen horrors
  14 starcursed masses
  An obsidian statue (Elf:2)
  4 glowing orange brains
  14 deep elf archers
  3 spectral wolf spiders (Spider:4)
  15 swamp dragons
  A tengu zombie (Depths:1)
  3 orange crystal statues
  6 necromancers
  21 ironbrand convokers
  3 phantasmal warriors
  14 orc knights
  60 deep elf magi
  A mana viper (Abyss:2)
  A golden dragon skeleton (Depths:1)
  A stone giant zombie (Abyss:2)
  14 orb spiders
  23 wolf spiders
  A cyclops (shapeshifter) (D:15)
  43 ugly things
  A worldbinder (Abyss:4)
  6 orc sorcerers
  6 cyclopes
  8 manticores
  2 mana vipers (shapeshifter)
  A shining eye (Gauntlet)
  21 moths of wrath
  A toenail golem (D:4)
  3 salamanders (Depths:2)
  A rust devil (Zot:4)
  A guardian serpent (Lair:6)
  4 black mambas
  9 elephants
  An apocalypse crab (Abyss:2)
  A fire giant skeleton (Depths:1)
  A water nymph (shapeshifter) (Vaults:4)
  5 ice statues (IceCv)
  2 centaur zombies
  5 spectral swamp worms (Depths:5)
  3 black mambas (shapeshifter)
  A guardian serpent (shapeshifter) (Vaults:4)
  4 smoke demons
  20 vault sentinels
  2 orange demons
  2 torpor snails (shapeshifter)
  18 spiny frogs
  44 yaktaurs
  A gargoyle (D:14)
  13 komodo dragons
  4 redback zombies (Spider:4)
  A rime drake (shapeshifter) (Depths:1)
  2 spectral redbacks (Spider:4)
  9 freezing wraiths
  A yaktaur (shapeshifter) (Depths:1)
  A kobold demonologist (D:12)
  4 rime drakes
  2 anaconda simulacra (IceCv)
  An ice devil (Abyss:2)
  An efreet (D:15)
  17 demonic crawlers
  4 tengu conjurers
  2 hellwings
  A queen bee (Lair:2)
  6 ancient zymes
  A queen bee (shapeshifter) (D:15)
  2 polar bears
  3 trolls
  34 hornets
  A polar bear (shapeshifter) (Elf:1)
  15 jumping spiders
  35 slime creatures
  9 tyrant leeches
  6 raiju (Abyss:2)
  7 dream sheep (Lair:6)
  15 hippogriffs
  A meliai zombie (D:6)
  2 jumping spider zombies (Spider:4)
  6 spectral jumping spiders (Spider:4)
  A spectral tarantella (Spider:4)
  A hornet (shapeshifter) (Vaults:4)
  A tarantella zombie (Spider:4)
  24 blink frogs
  A blink frog (shapeshifter) (Elf:1)
  A dream sheep (shapeshifter) (Depths:4)
  A stone giant simulacrum (Vaults:2)
  7 bog bodies
  7 spriggans
  49 redbacks
  An ice dragon skeleton (Depths:1)
  A spriggan skeleton (Depths:1)
  6 wraiths
  3 shadows
  A vampire (Abyss:2)
  2 centaur simulacra (D:15)
  20 wyverns
  A yak (shapeshifter) (Vaults:2)
  Sigmund (D:3)
  4 air elementals
  36 tarantellas
  3 ynoxinuls
  5 basilisks
  2 chaos spawn (Abyss:2)
  4 water elementals
  31 yaks
  3 hungry ghosts
  5 fire bats
  5 fire elementals
  A golden eye (shapeshifter) (Depths:1)
  5 golden eyes
  A steam dragon (Lair:6)
  26 vampire mosquitoes
  7 wargs
  A neqoxec (Abyss:2)
  2 spatial vortices (Abyss:4)
  2 soldier ants
  16 swamp worms
  7 insubstantial wisps
  3 harpy simulacra (IceCv)
  21 water moccasins
  3 hydra simulacra (IceCv)
  2 soldier ants (shapeshifter)
  26 large abominations
  7 acid dragons
  A floating eye (Gauntlet)
  A porcupine (shapeshifter) (Elf:1)
  7 porcupines
  2 spectral hornets (Spider:4)
  A floating eye (shapeshifter) (Elf:1)
  7 swamp drakes
  A black bear (D:6)
  14 ice beasts
  3 black bears (shapeshifter)
  36 orc warriors
  2 necrophages
  2 eyes of draining
  4 sky beasts
  28 ogres
  2 hornet zombies (Spider:4)
  3 boggarts
  2 phantoms (D:7)
  An ettin simulacrum (IceCv)
  20 wolves
  A boggart (shapeshifter) (Elf:1)
  21 crocodiles
  27 centaurs
  A big kobold (shapeshifter) (Elf:1)
  7 big kobolds
  15 bullfrogs
  2 earth elementals
  2 wyvern skeletons
  2 wyvern zombies
  A scorpion (D:10)
  48 killer bees
  2 electric eels (Spider:1)
  A howler monkey (D:14)
  12 crimson imps
  7 quasits
  15 small abominations
  2 lava snakes (D:14)
  A bullfrog zombie (D:10)
  2 iron imps
  3 jellies
  A hound (shapeshifter) (Elf:1)
  8 hounds
  20 orc priests
  2 bullfrog skeletons
  7 centaur skeletons
  Ijyb (D:4)
  7 iguanas
  13 human skeletons
  33 orc wizards
  A hell rat (Lair:2)
  10 worker ants
  A worker ant (shapeshifter) (Elf:1)
  A hound zombie (D:6)
  A worker ant zombie (D:11)
  An adder (shapeshifter) (Elf:1)
  22 adders
  2 river rats (D:3)
  3 shadow imps
  2 ufetubi
  An ooze (Sewer)
  2 worms
  A worm (shapeshifter) (Elf:1)
  2 dart slugs (D:4)
  A leopard gecko (shapeshifter) (Elf:1)
  7 leopard geckos
  74 orcs
  2 ball pythons
  2 giant cockroaches (D:3)
  7 goblins
  7 hobgoblins
  15 jackals
  6 quokkas
  7 bats
  7 frilled lizards
  A jackal skeleton (D:8)
  A jackal zombie (D:5)
  27 kobolds
  A leopard gecko skeleton (D:4)
  A quokka skeleton (D:4)
  A quokka zombie (D:6)
  10 rats
  A briar patch (Swamp:4)
  2 crawling corpses (Vaults:1)
  2 plants (Depths:1)
  2 starspawn tentacles (Abyss:2)
  4 tentacles (Abyss:4)
2398 creatures vanquished.

Vanquished Creatures (collateral kills)
  A death drake (Abyss:2)
  A large abomination (Abyss:2)
2 creatures vanquished.

Vanquished Creatures (others)
  A stone giant (Vaults:5)
  A deep elf demonologist (Elf:3)
  A vault guard (Vaults:5)
  An alligator (Swamp:4)
  An ogre mage (Depths:1)
  A wolf spider (Spider:3)
  A vault sentinel (Vaults:5)
  A hornet (Vaults:5)
  A bog body (Swamp:3)
  2 swamp drakes
  An orc warrior (Vaults:5)
  An ogre (Depths:1)
  A boggart (Vaults:2)
  An orc wizard (Orc:2)
  2 orcs (Vaults:5)
  2 briar patches (Swamp:3)
  14 fungi
  26 plants
  13 starspawn tentacles
  3 tentacles (Abyss:4)
75 creatures vanquished.

Grand Total: 2475 creatures vanquished

Notes
Turn   | Place    | Note
-------+----------+-------------------------------------------
     0 | D:1      | jf82 the Minotaur Fighter began the quest for the Orb.
     0 | D:1      | Reached XP level 1. HP: 19/19 MP: 0/0
   348 | D:1      | Reached XP level 2. HP: 27/27 MP: 1/1
   779 | D:2      | Reached skill level 4 in Shields
   803 | D:2      | Reached XP level 3. HP: 33/33 MP: 2/2
  1157 | D:2      | Reached XP level 4. HP: 34/40 MP: 3/3
  2096 | D:3      | Reached skill level 5 in Maces & Flails
  2096 | D:3      | Reached XP level 5. HP: 43/46 MP: 4/4
  2126 | D:3      | Found a glowing drain.
  2130 | Sewer    | Entered a sewer
  2315 | Sewer    | Reached skill level 5 in Shields
  2560 | Sewer    | Reached XP level 6. HP: 49/52 MP: 5/5
  2763 | D:3      | Noticed Sigmund
  2772 | D:3      | Killed Sigmund
  2772 | D:3      | Reached skill level 6 in Shields
  3031 | D:4      | Reached XP level 7. HP: 43/59 MP: 6/6
  3234 | D:4      | Noticed Ijyb
  3244 | D:4      | Killed Ijyb
  3371 | D:4      | Found an opulent altar of Gozag.
  3373 | D:4      | Found Gozag's Platinum Reserve.
  3607 | D:4      | Found a staircase to the Ecumenical Temple.
  3616 | Temple   | Entered the Ecumenical Temple
  3838 | Temple   | Became a worshipper of Warmaster Okawaru
  4001 | D:5      | Entered Level 5 of the Dungeon
  4617 | D:5      | Reached XP level 8. HP: 58/66 MP: 7/7
  4624 | D:5      | Reached skill level 10 in Maces & Flails
  4643 | D:5      | Found Zoadim's Jewellery Boutique.
  4698 | D:5      | Reached * piety under Okawaru
  5365 | D:6      | Reached ** piety under Okawaru
  5685 | D:6      | Reached skill level 5 in Fighting
  5685 | D:6      | Reached XP level 9. HP: 65/74 MP: 8/8
  6046 | D:7      | Found a snail-covered altar of Cheibriados.
  6902 | D:7      | Found a burning altar of Makhleb.
  6902 | D:7      | Noticed a cacodemon
  6905 | D:7      | Noticed a smoke demon
  7000 | D:8      | Found a staircase to the Lair.
  7074 | D:8      | Reached *** piety under Okawaru
  7704 | D:8      | Reached XP level 10. HP: 88/90 MP: 9/9
  8064 | D:9      | Noticed a purple ugly thing
  8077 | D:9      | Killed a purple ugly thing
  8077 | D:9      | Reached **** piety under Okawaru
  8226 | D:9      | Noticed a two-headed ogre
  8233 | D:9      | Killed a two-headed ogre
  8233 | D:9      | Reached skill level 10 in Fighting
  8578 | D:10     | Entered Level 10 of the Dungeon
  8578 | D:10     | Noticed Fannar
  8604 | D:10     | Killed Fannar
  8834 | D:10     | Received a gift from Okawaru
  8834 | D:10     | Reached skill level 5 in Armour
  8851 | D:10     | Killed an unseen horror
  8851 | D:10     | Reached skill level 1 in Invocations
  8990 | D:10     | Reached skill level 7 in Shields
  9372 | D:10     | Reached XP level 11. HP: 77/102 MP: 11/11
  9384 | D:10     | Reached ***** piety under Okawaru
  9727 | Lair:1   | Entered Level 1 of the Lair of Beasts
 10165 | Lair:1   | Reached skill level 8 in Shields
 10265 | Lair:1   | Received a gift from Okawaru
 11006 | Lair:2   | Reached skill level 5 in Invocations
 11029 | Lair:2   | Received a gift from Okawaru
 11157 | Lair:2   | Reached XP level 12. HP: 103/112 MP: 15/15
 11170 | Lair:2   | Reached skill level 9 in Shields
 11362 | Lair:2   | Reached skill level 15 in Maces & Flails
 12118 | Lair:3   | Received a gift from Okawaru
 12285 | Lair:3   | Reached ****** piety under Okawaru
 12285 | Lair:3   | Received a gift from Okawaru
 12425 | Lair:3   | Found a staircase to the Swamp.
 13345 | Lair:4   | Reached skill level 10 in Shields
 13388 | Lair:4   | Found a hole to the Spider Nest.
 13784 | Lair:5   | Noticed Rupert
 13803 | Lair:5   | Killed Rupert
 13803 | Lair:5   | Received a gift from Okawaru
 13803 | Lair:5   | Reached XP level 13. HP: 45/118 MP: 18/18
 14296 | Lair:5   | Reached skill level 10 in Armour
 14296 | Lair:5   | Reached skill level 11 in Shields
 14538 | Lair:5   | Received a gift from Okawaru
 14540 | Lair:5   | Got a heavily runed ring mail {god gift}
 14554 | Lair:5   | Identified the +3 ring mail of Pandemonium {rPois rC++
                  | rCorr Dex-5 Stlth+} (Okawaru gifted it to you on level 5 of
                  | the Lair of Beasts)
 14685 | Lair:5   | Reached skill level 1 in Dodging
 15079 | Lair:6   | Entered Level 6 of the Lair of Beasts
 15095 | Lair:6   | Reached skill level 12 in Shields
 15969 | Lair:6   | Received a gift from Okawaru
 16119 | Lair:6   | Found a viscous altar of Jiyva.
 16119 | Lair:6   | Found a staircase to the Slime Pits.
 16332 | Lair:6   | Reached skill level 5 in Dodging
 16425 | Lair:6   | Reached XP level 14. HP: 71/126 MP: 18/20
 17021 | Lair:6   | Reached skill level 10 in Invocations
 17704 | D:11     | Found a staircase to the Orcish Mines.
 17940 | D:11     | Found a shattered altar of Ashenzari.
 18282 | D:11     | Identified a scroll of acquirement
 18646 | D:12     | Found a portal to a secret trove of treasure.
 19424 | D:13     | Reached skill level 10 in Dodging
 19425 | D:13     | Found a gate leading to a gauntlet.
 19430 | Gauntlet | Entered a Gauntlet
 19430 | Gauntlet | Found a transporter.
 19440 | Gauntlet | Found a transporter.
 19450 | Gauntlet | Found a transporter.
 19451 | Gauntlet | Found a transporter.
 19454 | Gauntlet | Found the ring of Phasing {EV+8}
 19461 | Gauntlet | Found a transporter.
 19475 | Gauntlet | Found a runed translucent door.
 19476 | Gauntlet | Found a transporter.
 19477 | Gauntlet | Found a runed translucent door.
 19486 | Gauntlet | Found a transporter.
 19496 | Gauntlet | Found a transporter.
 19510 | Gauntlet | Found a transporter.
 19525 | Gauntlet | Found a transporter.
 19525 | Gauntlet | Found a transporter.
 19574 | Gauntlet | Found a transporter.
 19588 | Gauntlet | Found a transporter.
 19601 | Gauntlet | Found a transporter.
 19728 | Gauntlet | Gained mutation: You tend to lose your temper in combat. [a
                  | shining eye]
 19733 | Gauntlet | Received a gift from Okawaru
 19741 | Gauntlet | Paralysed by a floating eye for 4 turns
 19810 | Gauntlet | Got a slimy cloak
 19821 | Gauntlet | Identified the +2 cloak of Dogmatism {Dex+4} (You found it
                  | in a Gauntlet)
 19933 | Gauntlet | Identified Nafy's Grimoire of Warped Venom
 20000 | Gauntlet | Got a steaming golden ring
 20004 | Gauntlet | Identified the ring of Haxi {rN+ Dex+2} (You found it in a
                  | Gauntlet)
 20135 | D:13     | Reached skill level 1 in Stealth
 20256 | D:13     | Received a gift from Okawaru
 21187 | D:14     | Reached skill level 5 in Stealth
 21258 | D:14     | Found a gate to the Vaults.
 21348 | D:14     | Received a gift from Okawaru
 21486 | D:14     | Reached XP level 15. HP: 132/132 MP: 21/21
 21855 | D:15     | Entered Level 15 of the Dungeon
 22030 | D:15     | Received a gift from Okawaru
 22038 | D:15     | Identified the +4 scale mail of Impressiveness {rF+ Str+3}
                  | (Okawaru gifted it to you on level 15 of the Dungeon)
 22608 | D:15     | Found a staircase to the Depths.
 22888 | Orc:1    | Entered Level 1 of the Orcish Mines
 22903 | Orc:1    | Found a bloodstained altar of Trog.
 23248 | Orc:1    | Noticed Erolcha
 23250 | Orc:1    | Cast into level 1 of the Abyss (Erolcha)
 23361 | Abyss:1  | Noticed a lich
 23374 | Abyss:1  | Killed a lich
 23521 | Abyss:1  | Noticed a bone dragon
 23539 | Abyss:1  | Killed a bone dragon
 23662 | Abyss:1  | Noticed a tentacled starspawn
 23667 | Abyss:1  | Killed a tentacled starspawn
 23674 | Orc:1    | Escaped the Abyss
 23685 | Orc:1    | Killed Erolcha
 23837 | Orc:2    | Entered Level 2 of the Orcish Mines
 23846 | Orc:2    | Received a gift from Okawaru
 24074 | Orc:2    | Found a staircase to the Elven Halls.
 24168 | Orc:2    | Found Jouch's Jewellery Emporium.
 24168 | Orc:2    | Found Pirudghei's Assorted Antiques.
 24168 | Orc:2    | Found Axaiss's Jewellery Shoppe.
 24229 | Orc:2    | Found Yckohoc's Food Shoppe.
 24240 | Orc:2    | Bought a scroll of teleportation for 72 gold pieces
 24727 | Swamp:1  | Entered Level 1 of the Swamp
 24751 | Swamp:1  | Received a gift from Okawaru
 24909 | Swamp:1  | Found a frozen archway.
 24918 | Swamp:1  | Reached skill level 10 in Stealth
 24923 | IceCv    | Entered an ice cave
 25114 | IceCv    | Received a gift from Okawaru
 25123 | IceCv    | Reached XP level 16. HP: 137/146 MP: 20/22
 25524 | Swamp:1  | Noticed a thorn hunter
 25541 | Swamp:1  | Killed a thorn hunter
 26099 | Swamp:1  | You fall through a shaft!
 26632 | Swamp:2  | Received a gift from Okawaru
 26677 | Swamp:2  | Noticed a thorn hunter
 26694 | Swamp:2  | Killed a thorn hunter
 26796 | Swamp:2  | Received a gift from Okawaru
 26891 | Swamp:2  | Reached skill level 15 in Fighting
 27608 | Swamp:3  | Noticed a thorn hunter
 27630 | Swamp:3  | Killed a thorn hunter
 27916 | Swamp:3  | Noticed a thorn hunter
 27929 | Swamp:3  | Killed a thorn hunter
 27929 | Swamp:3  | Reached skill level 15 in Dodging
 27941 | Swamp:3  | Received a gift from Okawaru
 28482 | Swamp:4  | Entered Level 4 of the Swamp
 28871 | Swamp:4  | Found a runed translucent door.
 28875 | Swamp:4  | Noticed EtherCrawl's ghost (adept DrBe)
 28933 | Swamp:4  | Killed EtherCrawl's ghost
 28941 | Swamp:4  | Reached XP level 17. HP: 156/158 MP: 16/23
 29068 | Swamp:4  | Noticed Louise
 29438 | Swamp:4  | Cast into level 2 of the Abyss (Louise)
 29476 | Abyss:2  | Received a gift from Okawaru
 29572 | Abyss:2  | Received a gift from Okawaru
 29573 | Abyss:2  | Noticed a lich
 29594 | Abyss:2  | Killed a lich
 29717 | Abyss:2  | Found a corrupted altar of Lugonu.
 30323 | Abyss:2  | Paralysed by accursed screaming for 1 turns
 30328 | Abyss:2  | Paralysed by accursed screaming for 1 turns
 30523 | Abyss:2  | Reached skill level 13 in Shields
 30699 | Abyss:2  | Found a corrupted altar of Lugonu.
 30717 | Swamp:4  | Escaped the Abyss
 30729 | Swamp:4  | Killed Louise
 31244 | Swamp:4  | Noticed the 27-headed Lernaean hydra
 31256 | Swamp:4  | Killed the 27-headed Lernaean hydra
 31464 | Swamp:4  | Received a gift from Okawaru
 31537 | Swamp:4  | Got a decaying rune of Zot
 31894 | Spider:1 | Entered Level 1 of the Spider Nest
 32472 | Spider:1 | Reached skill level 14 in Shields
 32483 | Spider:1 | Found the +0 sword of Power
 32674 | Spider:2 | Reached XP level 18. HP: 170/170 MP: 24/24
 33478 | Spider:3 | Noticed Bai Suzhen
 33498 | Spider:3 | Killed Bai Suzhen
 33939 | Spider:3 | Received a gift from Okawaru
 34220 | Spider:4 | Entered Level 4 of the Spider Nest
 34494 | Spider:4 | Reached skill level 15 in Shields
 34497 | Spider:4 | Reached skill level 15 in Armour
 34584 | Spider:4 | Noticed Arachne
 34605 | Spider:4 | Killed Arachne
 34605 | Spider:4 | Received a gift from Okawaru
 34787 | Spider:4 | Received a gift from Okawaru
 35525 | Spider:4 | Reached skill level 16 in Shields
 35629 | Spider:4 | Got a gossamer rune of Zot
 36332 | Orc:2    | Bought a scroll of enchant armour for 180 gold pieces
 36521 | D:5      | Bought a +5 ring of protection for 550 gold pieces
 36892 | Slime:1  | Entered Level 1 of the Pits of Slime
 37595 | Vaults:1 | Entered Level 1 of the Vaults
 37859 | Vaults:1 | Found Wud Uvoppyk's Antique Weapon Emporium.
 37946 | Vaults:1 | Reached XP level 19. HP: 179/179 MP: 22/25
 38088 | Vaults:1 | Reached skill level 17 in Shields
 38508 | Vaults:1 | Received a gift from Okawaru
 39302 | Vaults:2 | Reached skill level 18 in Shields
 40639 | Vaults:2 | Received a gift from Okawaru
 40640 | Vaults:2 | Found the +27 Lear's hauberk
 40818 | Vaults:2 | Noticed a lich
 40828 | Vaults:2 | Killed a lich
 41342 | Vaults:3 | Reached XP level 20. HP: 184/189 MP: 26/26
 41560 | Vaults:3 | Found Muechat's Assorted Antiques.
 41663 | Vaults:3 | Found a staircase to the Crypt.
 41664 | Vaults:3 | Noticed an ancient lich
 41687 | Vaults:3 | Killed an ancient lich
 42293 | Vaults:3 | Noticed Xtahua
 42299 | Vaults:3 | Paralysed by Xtahua for 4 turns
 42308 | Vaults:3 | Killed Xtahua
 42651 | Vaults:4 | Found a flickering gateway to a bazaar.
 42660 | Bazaar   | Entered a bazaar
 42660 | Bazaar   | Found Nusouqoe's Armour Emporium.
 42660 | Bazaar   | Found Deamean's Weapon Shoppe.
 42660 | Bazaar   | Found Xag Timu's Food Emporium.
 42660 | Bazaar   | Found Vagucroa's Assorted Antiques.
 42672 | Bazaar   | Bought 3 scrolls of enchant weapon for 765 gold pieces
 42725 | Vaults:4 | Received a gift from Okawaru
 42730 | Vaults:4 | Got jewelled gold dragon scales {god gift}
 42742 | Vaults:4 | Identified the +10 gold dragon scales of Inetza {+Blink
                  | rPois rF+ rC+ rN+ Regen+ Dex+3} (Okawaru gifted it to you
                  | on level 4 of the Vaults)
 42920 | Vaults:4 | Found Panwuimn's Book Emporium.
 43086 | Vaults:4 | Found Ostrioch's Distillery.
 43089 | Vaults:4 | Bought 2 potions of heal wounds for 110 gold pieces
 43468 | Vaults:4 | Found Kufrock's Antique Weapon Shoppe.
 43503 | Vaults:4 | Reached skill level 1 in Evocations
 43511 | Vaults:4 | Reached skill level 19 in Shields
 44363 | Elf:1    | Entered Level 1 of the Elven Halls
 44469 | Elf:1    | Found a runed translucent gate.
 44469 | Elf:1    | Found a runed translucent gate.
 44469 | Elf:1    | Found a runed translucent gate.
 44536 | Elf:1    | Found a runed translucent gate.
 44536 | Elf:1    | Found a runed translucent gate.
 44542 | Elf:1    | Noticed Nott's ghost (journeyman HOBe)
 44543 | Elf:1    | Found a runed translucent gate.
 44681 | Elf:1    | Received a gift from Okawaru
 44757 | Elf:1    | Reached XP level 21. HP: 198/198 MP: 27/27
 44798 | Elf:1    | Found a radiant altar of Vehumet.
 45422 | Elf:1    | Gained mutation: Armour fits poorly on your strangely
                  | shaped body. [a cacodemon]
 45447 | Elf:1    | Killed Nott's ghost
 45496 | Elf:1    | Got a pair of jewelled boots
 45511 | Elf:1    | Gained mutation: You occasionally shout uncontrollably at
                  | your foes. [mutagenic glow]
 45520 | Elf:1    | Identified the +0 pair of boots "Feleilul" {+Fly rPois}
                  | (You found it on level 1 of the Elven Halls)
 45847 | Elf:2    | Found a runed translucent gate.
 45847 | Elf:2    | Found a runed translucent gate.
 45848 | Elf:2    | Found a runed translucent gate.
 46204 | Elf:2    | Received a gift from Okawaru
 46606 | Elf:2    | Identified the +1 robe of Zehen {rN+ rCorr Str-2 Dex+4}
 46638 | Elf:2    | Found an ancient bone altar of Kikubaaqudgha.
 46903 | D:15     | Found a staircase to the Depths.
 46912 | Depths:1 | Entered Level 1 of the Depths
 48080 | Vaults:4 | Bought a jewelled hand crossbow for 272 gold pieces
 48081 | Vaults:4 | Identified the +2 hand crossbow "Sopas" {elec, +Inv rF-
                  | Stlth+} (You bought it in a shop on level 4 of the Vaults)
 48392 | Depths:1 | Reached skill level 1 in Crossbows
 48402 | Depths:1 | Reached skill level 5 in Evocations
 48415 | Depths:1 | Found a gateway to Hell.
 48688 | Depths:1 | Received a gift from Okawaru
 48714 | Depths:1 | You fall through a shaft!
 48854 | Depths:2 | Received a gift from Okawaru
 49126 | Depths:2 | Reached skill level 20 in Shields
 49143 | Depths:2 | Reached XP level 22. HP: 195/206 MP: 26/28
 49184 | Depths:2 | Found a shimmering altar of Xom.
 49296 | Depths:2 | Found a one-way gate leading to the halls of Pandemonium.
 49376 | Depths:1 | Found a runed translucent door.
 49385 | Depths:1 | Reached skill level 5 in Crossbows
 49851 | Depths:1 | Got an ancient rapier
 49852 | Depths:1 | Identified the +2 rapier "Loc Zofe" {venom, +Blink +Fly
                  | Str+5} (You found it on level 1 of the Depths)
 50104 | Depths:1 | Found the +9 heavy crossbow "Sniper" {velocity, Acc+∞ SInv}
 50149 | Depths:1 | Received a gift from Okawaru
 50347 | Depths:1 | Lost intelligence.
 51216 | Depths:3 | Found a gateway to a bazaar.
 51292 | Bazaar   | Entered a bazaar
 51292 | Bazaar   | Found Meuteocw's Magic Scroll Emporium.
 51292 | Bazaar   | Found Wutish's Assorted Antiques.
 51293 | Bazaar   | Found Nefat's Gadget Shoppe.
 51293 | Bazaar   | Found Boma's Magic Scroll Shoppe.
 51295 | Bazaar   | Bought a scroll of blinking for 97 gold pieces
 51305 | Bazaar   | Bought a scroll of blinking for 105 gold pieces
 51305 | Bazaar   | Bought a scroll of enchant armour for 105 gold pieces
 51620 | Depths:3 | Got a brightly glowing shortbow
 51626 | Depths:3 | Identified the +10 shortbow "Werisy" {freeze, Str-5 Int+5}
                  | (You found it on level 3 of the Depths)
 51663 | Depths:3 | Got an ichor-stained chain mail
 51674 | Depths:3 | Identified the +1 chain mail of Virtue {+Blink rPois Slay+4
                  | Stlth+} (You found it on level 3 of the Depths)
 51676 | Depths:3 | Noticed a juggernaut
 51682 | Depths:3 | Cast into level 2 of the Abyss (a deep elf sorcerer)
 51727 | Abyss:2  | Found an ornate altar of the Wu Jian Council.
 52010 | Abyss:2  | Reached skill level 21 in Shields
 52068 | Depths:3 | Escaped the Abyss
 52092 | Depths:3 | Killed a juggernaut
 52243 | Depths:3 | Identified the Grimoire of Fiery Summoning
 52280 | Depths:3 | Found a hide-covered altar of Uskayaw.
 52883 | Depths:3 | Reached XP level 23. HP: 210/212 MP: 27/29
 52937 | Depths:4 | Noticed a caustic shrike
 52939 | Depths:4 | Noticed a juggernaut
 52946 | Depths:4 | Noticed a juggernaut
 52970 | Depths:3 | Killed a caustic shrike
 52970 | Depths:3 | Reached skill level 10 in Crossbows
 52975 | Depths:3 | Killed a juggernaut
 52975 | Depths:3 | Received a gift from Okawaru
 52982 | Depths:3 | Killed a juggernaut
 52991 | Depths:3 | Reached skill level 22 in Shields
 53190 | Depths:4 | Received a gift from Okawaru
 53308 | Depths:4 | Received a gift from Okawaru
 53378 | Depths:4 | Paralysed by a great orb of eyes for 7 turns
 53455 | Depths:4 | Found a gateway to a ziggurat.
 54257 | Depths:4 | Got a slimy large shield
 54268 | Depths:4 | Identified the +7 large shield of Noughts and Crosses
                  | {Regen+} (You acquired it on level 4 of the Depths)
 54360 | Depths:5 | Entered Level 5 of the Depths
 54369 | Depths:5 | Noticed a caustic shrike
 54370 | Depths:5 | Noticed a caustic shrike
 54371 | Depths:5 | Noticed a caustic shrike
 54383 | Depths:4 | Killed a caustic shrike
 54383 | Depths:4 | Reached skill level 23 in Shields
 54408 | Depths:4 | Killed a caustic shrike
 54413 | Depths:4 | Killed a caustic shrike
 54580 | Depths:4 | Received a gift from Okawaru
 54663 | Depths:5 | Reached skill level 24 in Shields
 54693 | Depths:5 | Received a gift from Okawaru
 54954 | Depths:5 | Noticed a juggernaut
 54971 | Depths:5 | Killed a juggernaut
 55020 | Depths:5 | Reached XP level 24. HP: 221/221 MP: 29/29
 55151 | Depths:5 | Reached skill level 25 in Shields
 55313 | Depths:5 | Found a gate to the Realm of Zot.
 55978 | Elf:3    | Entered Level 3 of the Elven Halls
 56280 | Elf:3    | Noticed Asterion
 56367 | Elf:3    | Received a gift from Okawaru
 56389 | Elf:3    | Killed Asterion
 56420 | Elf:3    | Cast into level 2 of the Abyss (a deep elf sorcerer)
 56466 | Elf:3    | Escaped the Abyss
 56511 | Elf:3    | Got a fine mace {god gift}
 56542 | Elf:3    | Identified the +7 mace "Pavygra" {crush, rPois Str+2 Int+4}
                  | (Okawaru gifted it to you on level 3 of the Elven Halls)
 56810 | Elf:3    | Identified the +3 trident of Lanuv {holy, rPois}
 56860 | Elf:3    | Got a fine fustibalus
 56861 | Elf:3    | Identified the cursed +2 fustibalus of Parchet {speed,
                  | +Blink MR+ MP+9 Stlth+} (You found it on level 3 of the
                  | Elven Halls)
 57526 | Elf:3    | Identified Isiothri's Handbook of Fiery Translocation
 57528 | Elf:3    | Identified the Disquisition on Supportive Talismans
 57541 | Elf:3    | Identified the +4 glaive of Precise Incision {drain, +Blink
                  | rElec rPois Dex-3} (You found it on level 3 of the Elven
                  | Halls)
 58525 | Vaults:5 | Entered Level 5 of the Vaults
 58578 | Vaults:5 | Received a gift from Okawaru
 58583 | Vaults:5 | Noticed an ancient lich
 58675 | Vaults:5 | Received a gift from Okawaru
 58756 | Vaults:5 | Received a gift from Okawaru
 58762 | Vaults:5 | Killed an ancient lich
 58776 | Vaults:5 | Received a gift from Okawaru
 58776 | Vaults:5 | Reached XP level 25. HP: 116/228 MP: 24/29
 58796 | Vaults:5 | Noticed an ancient lich
 58975 | Vaults:5 | Killed an ancient lich
 58975 | Vaults:5 | Reached skill level 15 in Crossbows
 59052 | Vaults:5 | Got a polished shield {god gift}
 59063 | Vaults:5 | Identified the +5 shield "Doqisogh" {Dex+4} (Okawaru gifted
                  | it to you on level 5 of the Vaults)
 59435 | Vaults:5 | Got a vibrating platinum ring
 59439 | Vaults:5 | Identified the ring "Pidairit" {rF++ Str+10 Int+5} (You
                  | acquired it on level 5 of the Vaults)
 59452 | Vaults:5 | Got a twitching wooden ring
 59454 | Vaults:5 | Identified the ring of Hesu {rElec rPois rF- rN++ Int-5
                  | Slay+5} (You acquired it on level 5 of the Vaults)
 59508 | Vaults:5 | Found the +8 storm bow {elec}
 59585 | Vaults:5 | Got an ancient chain mail
 59596 | Vaults:5 | Identified the cursed +1 chain mail "Aqipaarghuo" {rPois
                  | Regen+ Int-4 SInv} (You found it on level 5 of the Vaults)
 59701 | Vaults:5 | Paralysed by a deep elf mage for 6 turns
 59795 | Vaults:5 | Got a silver rune of Zot
 59922 | Vaults:5 | Found the +3 sling "Punk" {acid, rCorr}
 59956 | Vaults:5 | Identified the +3 flail of the Girdle {crush, *Noise rPois
                  | rF+} (You found it on level 5 of the Vaults)
 60573 | Depths:5 | Found a gate to the Realm of Zot.
 60579 | Zot:1    | Entered Level 1 of the Realm of Zot
 61232 | Zot:2    | Received a gift from Okawaru
 61235 | Zot:2    | Got a translucent hat {god gift}
 61246 | Zot:2    | Identified the +2 hat "Cucialup" {MR+ Regen+} (Okawaru
                  | gifted it to you on level 2 of the Realm of Zot)
 61902 | Zot:3    | Found a transporter.
 62025 | Zot:3    | Found a transporter.
 62663 | Zot:3    | Noticed an ancient lich
 62664 | Zot:3    | Noticed a Killer Klown
 62665 | Zot:3    | Noticed an ancient lich
 62665 | Zot:3    | Noticed an ancient lich
 62683 | Zot:3    | Paralysed by an ancient lich for 2 turns
 62698 | Zot:3    | Killed an ancient lich
 62701 | Zot:3    | Killed an ancient lich
 62710 | Zot:3    | Killed a Killer Klown
 62710 | Zot:3    | Reached XP level 26. HP: 46/239 MP: 6/29
 62927 | Zot:3    | Gained mutation: You are occasionally teleported next to
                  | monsters. [a cacodemon]
 62931 | Zot:3    | Killed an ancient lich
 62931 | Zot:3    | Received a gift from Okawaru
 63066 | Zot:3    | Gained mutation: Your magical capacity is low. (-10% MP) [a
                  | cacodemon]
 63066 | Zot:3    | Gained mutation: Your body sometimes deteriorates upon
                  | taking damage. [a cacodemon]
 63080 | Zot:3    | Received a gift from Okawaru
 63147 | Zot:3    | Identified the ring "Vuatesmar" {*Tele Dex+2 Slay+6} (You
                  | found it on level 3 of the Realm of Zot)
 63188 | Zot:3    | Got a coiled silver ring
 63189 | Zot:3    | Identified the ring "Xiedots" {rN+ Str+3} (You found it on
                  | level 3 of the Realm of Zot)
 63285 | Zot:4    | Received a gift from Okawaru
 63337 | Zot:4    | Received a gift from Okawaru
 63349 | Zot:4    | Got a pitted eveningstar {god gift}
 63482 | Zot:4    | Identified the +6 eveningstar of Okaramm {drain, Str+2}
                  | (Okawaru gifted it to you on level 4 of the Realm of Zot)
 64046 | Zot:5    | Entered Level 5 of the Realm of Zot
 64230 | Zot:5    | Received a gift from Okawaru
 64372 | Zot:5    | Noticed an orb of fire
 64378 | Zot:5    | Noticed an ancient lich
 64382 | Zot:5    | Gained mutation: You are clumsy. (Dex -2) [an orb of fire]
 64384 | Zot:5    | Gained mutation: Your spells are a little easier to cast,
                  | but a little less powerful. [an orb of fire]
 64391 | Zot:5    | Gained mutation: You are frail. (-10% HP) [an orb of fire]
 64393 | Zot:5    | Gained mutation: You are very frail. (-20% HP) [an orb of
                  | fire]
 64395 | Zot:5    | Killed an orb of fire
 64395 | Zot:5    | Received a gift from Okawaru
 64403 | Zot:5    | Killed an ancient lich
 64403 | Zot:5    | Received a gift from Okawaru
 64561 | Zot:5    | Noticed an ancient lich
 64567 | Zot:5    | Killed an ancient lich
 64567 | Zot:5    | Reached XP level 27. HP: 204/204 MP: 26/26
 64617 | Zot:5    | Identified the Guide on the Entourage and Air
 64653 | Zot:5    | Noticed an orb of fire
 64658 | Zot:5    | Gained mutation: You are weak. (Str -2) [an orb of fire]
 64664 | Zot:5    | Noticed an ancient lich
 64669 | Zot:5    | Noticed an orb of fire
 64676 | Zot:5    | Noticed an ancient lich
 64680 | Zot:5    | Gained mutation: Your body often deteriorates upon taking
                  | damage. [an orb of fire]
 64681 | Zot:5    | Gained mutation: You are extremely frail. (-30% HP) [an orb
                  | of fire]
 64690 | Zot:5    | Killed an orb of fire
 64690 | Zot:5    | Received a gift from Okawaru
 64695 | Zot:5    | Killed an orb of fire
 64702 | Zot:5    | Killed an ancient lich
 64702 | Zot:5    | Received a gift from Okawaru
 64714 | Zot:5    | Killed an ancient lich
 65072 | Zot:5    | Received a gift from Okawaru
 65426 | Zot:5    | Received a gift from Okawaru
 65451 | Zot:5    | Got the Orb of Zot
 65474 | Zot:5    | Gained mutation: You are very weak. (Str -4) [a neqoxec]
 65523 | Zot:4    | Noticed Ymmeny the pandemonium lord
 65525 | Zot:4    | Cast into level 4 of the Abyss (a lich)
 65630 | Abyss:4  | Found a corrupted altar of Lugonu.
 65691 | Zot:4    | Escaped the Abyss
 65692 | Zot:4    | Noticed Bufaloel the pandemonium lord
 65707 | Zot:4    | Killed Ymmeny the pandemonium lord
 65721 | Zot:4    | Killed Bufaloel the pandemonium lord
 65775 | Zot:2    | Noticed Tymeace the pandemonium lord
 65922 | Depths:2 | Noticed Buqipiro the pandemonium lord
 66373 | D:$      | Escaped with the Orb!

Skill      XL: |  1  2  3  4  5  6  7  8  9 10 11 12 13 14 15 16 17 18 19 20 21 22 23 24 25 26 27 |
---------------+----------------------------------------------------------------------------------+-----
Fighting       | 4 5 8 11 12 14 16 17 18 19 20 22 24 | 24.3
Armour         | 4 5 7 9 12 14 16 18 19 20 22 24 | 24.3
Shields        | 4 5 6 7 8 10 12 14 16 18 19 20 21 24 25 | 25.0
Maces & Flails | 3 4 5 6 7 9 12 14 16 19 20 | 20.0
Throwing       | 4 |  4.0
Invocations    | 2 5 8 9 10 | 10.0
Dodging        | 5 12 13 15 16 17 18 20 | 20.0
Stealth        | 5 10 12 | 12.0
Evocations     | 2 6 |  6.0
Crossbows      | 4 9 10 14 17 19 20 | 20.0

Action                   |  1- 3 |  4- 6 |  7- 9 | 10-12 | 13-15 | 16-18 | 19-21 | 22-24 | 25-27 || total
-------------------------+-------+-------+-------+-------+-------+-------+-------+-------+-------++-------
Melee: Flail             |    67 |   194 |   446 |   353 |       |       |       |       |       ||  1060
       Headbutt          |    11 |    28 |    76 |   143 |   315 |   442 |   502 |   516 |   359 ||  2392
       Eveningstar       |       |       |       |   150 |  1044 |  1533 |  1468 |  1366 |   605 ||  6166
       Morningstar       |       |       |       |   337 |   369 |       |       |       |   264 ||   970
       Broad axe         |       |       |       |       |       |       |       |    81 |    35 ||   116
       Hand crossbow     |       |       |       |       |       |       |       |       |     1 ||     1
 Fire: Blowgun           |       |       |       |    12 |       |       |       |       |       ||    12
       Hand crossbow     |       |       |       |       |       |       |    32 |    88 |   114 ||   234
       Heavy crossbow    |       |       |       |       |       |       |       |       |    22 ||    22
Throw: Javelin           |       |       |       |     8 |    35 |    34 |    18 |    17 |     7 ||   119
Invok: Heroism           |       |       |       |     3 |    11 |    23 |    20 |    17 |    13 ||    87
       Finesse           |       |       |       |       |     6 |    10 |    10 |     7 |     6 ||    39
 Abil: Evoke Flight      |       |       |       |       |     1 |     1 |       |       |       ||     2
       Stop Flying       |       |       |       |       |       |     1 |       |       |       ||     1
       Evoke Blink       |       |       |       |       |       |       |       |     1 |     1 ||     2
Evoke: Wand              |       |       |       |       |       |       |       |       |     3 ||     3
  Use: Scroll            |       |    11 |     6 |     5 |    20 |     4 |    10 |    10 |    19 ||    85
       Potion            |       |     3 |       |     1 |     1 |     8 |       |       |     4 ||    17
 Stab: Sleeping          |       |       |       |       |     2 |     1 |     1 |       |       ||     4
       Distracted        |       |       |       |       |     3 |       |       |       |       ||     3
  Eat: Chunk             |     1 |     5 |    15 |    19 |    31 |    24 |    34 |    26 |    19 ||   174
       Ration            |       |       |     2 |       |     2 |     6 |     1 |     2 |     2 ||    15
Armor: Scale mail        |    22 |   101 |    39 |       |    48 |       |       |       |       ||   210
       Plate armour      |       |       |    82 |   281 |   241 |   571 |    47 |       |       ||  1222
       Ring mail         |       |       |       |       |    86 |       |       |       |       ||    86
       Swamp dragon scal |       |       |       |       |    18 |       |       |       |       ||    18
       Chain mail        |       |       |       |       |       |       |    96 |     1 |       ||    97
       Gold dragon scale |       |       |       |       |       |       |   142 |   440 |   285 ||   867
Dodge: Dodged            |     9 |    27 |    66 |    98 |   320 |   659 |   359 |   640 |   452 ||  2630
       Deflected         |       |       |       |       |       |       |       |    11 |       ||    11
Block: Shield            |     4 |       |       |       |       |       |       |       |       ||     4
       Large shield      |    33 |   191 |   324 |   639 |  1228 |  1554 |  1154 |  1771 |  1347 ||  8241
